 Dungeon Crawl Stone Soup version 0.30-a0-371-gad7725a93e (webtiles) character file.

Game seed: 10892243327320542934

10 qeuew the Chopper (level 2, -1/22 HPs)
             Began as a Demonspawn Gladiator on Nov 23, 2022.
             Slain by a gnoll
             ... wielding a +0 flail
              (4 damage)
             ... on level 1 of the Dungeon.
             The game lasted 00:01:03 (252 turns).

qeuew the Chopper (Demonspawn Gladiator)             Turns: 252, Time: 00:01:03

Health: -1/22      AC:  4    Str: 14    XL:     2   Next: 10%
Magic:  2/2        EV: 12    Int:  9    God:
Gold:   21         SH:  0    Dex: 14    Spells: 1/1 levels left

rFire   . . .      SeeInvis .    a - +0 war axe
rCold   . . .      Faith    .    (no shield)
rNeg    . . .      Spirit   .    b - +0 leather armour
rPois   .          Reflect  .    c - +0 helmet
rElec   .          Harm     .    (no cloak)
rCorr   .          Rampage  .    (no gloves)
Will    .....                    (no boots)
Stlth   +.........               (no amulet)
HPRegen 0.23/turn                (no ring)
MPRegen 0.08/turn                (no ring)

@: no status effects
A: spiny 1
a: no special abilities


You were on level 1 of the Dungeon.
You visited 1 branch of the dungeon, and saw 1 of its levels.

You collected 21 gold pieces.

Inventory:

Hand Weapons
 a - a +0 war axe (weapon)
Missiles
 d - 3 throwing nets (quivered)
 e - a javelin
Armour
 b - a +0 leather armour (worn)
 c - a +0 helmet (worn)
Jewellery
 g - a ring of ice
Scrolls
 h - a scroll of identify {unknown}
 i - a scroll of fear {unknown}
Potions
 f - a potion of ambrosia {unknown}


   Skills:
 + Level 2.1 Fighting
 * Level 2.9 Axes
 + Level 1.9 Throwing
 + Level 0.3 Armour
 + Level 2.8 Dodging


You had one spell level left.
You didn't know any spells.
Your spell library was empty.

Dungeon Overview and Level Annotations

Branches:
Dungeon (1/15)

Altars:

Shops:
D:1 [


Innate Abilities, Weirdness & Mutations

You are partially covered in sharp spines.


Message History

Found a helmet.
You now have 21 gold pieces (gained 14).
i - a scroll labelled VIOMU NEMAILOL You see here a +0 robe.
Found Evoujuth's Antique Armour Boutique.
You enter the shallow water.
Moving in this stuff is going to be slow.
There is an entrance to Evoujuth's Antique Armour Boutique here.
You enter the shallow water.
Moving in this stuff is going to be slow.
Found a dagger.
A gnoll comes into view. It is wielding a +0 flail.
The gnoll shouts!
A gnoll is nearby!
A gnoll is nearby!
The gnoll is struck by your spines. The gnoll hits you with a +0 flail.
You hit the gnoll.
The gnoll is heavily wounded.
The gnoll is struck by your spines. The gnoll hits you with a +0 flail!
The gnoll is struck by your spines. The gnoll hits you with a +0 flail.
You are too injured to fight recklessly!
You are too injured to fight recklessly!
You are too injured to fight recklessly!
You are too injured to fight recklessly!
You are too injured to fight recklessly!
You are too injured to fight recklessly!
You are too injured to fight recklessly!
You are too injured to fight recklessly!
You are too injured to fight recklessly!
You are too injured to fight recklessly!
You are too injured to fight recklessly!
You are too injured to fight recklessly!
You hit the gnoll but do no damage.
The gnoll is severely wounded.
The gnoll hits you with a +0 flail.
* * * LOW HITPOINT WARNING * * *
You hit the gnoll.
The gnoll is almost dead.
The gnoll hits you with a +0 flail.
You die...

#≈≈∩.....# ##..
#≈≈≈≈~.### #..
#####≈≈≈..# #...
...###..## #...
##.###.#####
#...
##...$......##
##..
##............#
##.
#..............#
##
#......@.?.)...#
#......g.......#
#..............#
#..............#
##............##
##..........##
############


You could see a gnoll.

Vanquished Creatures
  A dart slug (D:1)
  A goblin (D:1)
  2 hobgoblins (D:1)
  A quokka (D:1)
  2 bats (D:1)
7 creatures vanquished.

Notes
Turn   | Place    | Note
-------+----------+-------------------------------------------
     0 | D:1      | qeuew the Demonspawn Gladiator began the quest for the Orb.
     0 | D:1      | Reached XP level 1. HP: 16/16 MP: 1/1
    98 | D:1      | Gained mutation: You are partially covered in sharp spines.
                  | [demonic ancestry]
    98 | D:1      | Reached XP level 2. HP: 7/22 MP: 2/2
   229 | D:1      | Found Evoujuth's Antique Armour Boutique.
   252 | D:1      | Slain by a gnoll

Illustrated notes

Levels and vault maps discovered:
D:1:      matt_arrival_diagonals, layout_rooms, serial_shops,
          nicolae_shop_waterfront, minmay_misc_feat_secret_circle,
          grunt_decor_junction, hangedman_feature_mirror

Action                   || total
-------------------------++-------
Melee: War axe           ||    30
Armor: Leather armour    ||    14
Dodge: Dodged            ||    28

Table legend: (Time is in decaauts)
 A = Elapsed time spent in this place.
 B = Non-inter-level travel time spent in this place.
 C = Inter-level travel time spent in this place.
 D = Time resting spent in this place.
 E = Time spent auto-exploring this place.
 F = Levels seen in this place.
 G = Mean time per level.
                   A        B        C        D        E       F      G
               +--------+--------+--------+--------+--------+-----+--------+
         Total |    263 |    263 |      0 |      0 |    184 |   1 |  263.0 |
       Dungeon |    263 |    263 |      0 |      0 |    184 |   1 |  263.0 |
               +--------+--------+--------+--------+--------+-----+--------+

Top non-repeatable levels by time:
     D:1: 263 daAuts
